 Dungeon Crawl Stone Soup version 0.31-a0-978-g1e14348 (webtiles) character file.

Game seed: 16817520492778993843

50 UnitSub the Stinger (level 3, -2/26 HPs)
             Began as a Demonspawn Venom Mage on Oct 30, 2023.
             Killed from afar by Natasha (6 damage)
             ... with a magic dart
             ... on level 1 of the Dungeon.
             The game lasted 00:02:56 (1594 turns).

UnitSub the Stinger (Demonspawn Venom Mage)         Turns: 1594, Time: 00:02:56

Health: -2/26      AC:  4    Str:  8    XL:     3   Next: 55%
Magic:  0/6        EV: 12    Int: 18    God:
Gold:   106        SH:  0    Dex: 13    Spells: 4/7 levels left

rFire   . . .        d - +3 whip (venom)
rCold   . . .        (no shield)
rNeg    . . .        a - +0 robe
rPois   .            (no helmet)
rElec   .            (no cloak)
rCorr   .            (no gloves)
SInv    .            (no boots)
Will    .....        (no amulet)
Stlth   ++           (no ring)
HPRegen 0.24/turn    (no ring)
MPRegen 0.10/turn

%: no passive effects
@: very slightly contaminated
A: molten scales 1, demonic magic 1
a: no special abilities


You were on level 1 of the Dungeon.
You visited 1 branch of the dungeon, and saw 2 of its levels.

You collected 106 gold pieces.

Inventory:

Hand Weapons
 d - a +3 whip of venom (weapon)
Armour
 a - a +0 robe (worn)
Scrolls
 e - 3 scrolls of identify {unknown}
 g - a scroll of silence {unknown}
 h - a scroll of teleportation {unknown}
Potions
 b - 3 potions of resistance {unknown}
 c - a potion of mutation {unknown}
 f - a potion of haste {unknown}
 i - a potion of lignification {unknown}


   Skills:
 - Level 1.0 Fighting
 - Level 1.7 Dodging
 - Level 1.7 Stealth
 + Level 2.5 Spellcasting
 - Level 0.8 Transmutations
 * Level 4.0 Poison Magic


You had 4 spell levels left.
You knew the following spells:

 Your Spells              Type           Power      Damage    Failure   Level
a - Sting                 Tmut/Pois      44%        1d5       6%          1
b - Poisonous Vapours     Pois/Air       18%        N/A       12%         2

Your spell library contained the following spells:

 Spells                   Type           Power      Damage    Failure   Level
 Summon Small Mammal      Summ           8%         N/A       17%         1
 Mephitic Cloud           Conj/Pois/Air  7%         N/A       30%         3
 Olgreb's Toxic Radiance  Pois           16%        N/A       32%         4
 Call Canine Familiar     Summ           2%         N/A       45%         3
 Summon Guardian Golem    Hex/Summ       2%         N/A       45%         3


Dungeon Overview and Level Annotations

Branches:
Dungeon (2/15)

Altars:

Annotations:
D:1 Natasha
D:2 Sigmund


Innate Abilities, Weirdness & Mutations

You are partially covered in molten scales. (AC +2)
Spells you cast may paralyse adjacent enemies.


Message History

You see here an amulet of faith.
You start resting.
Magic restored.
HP restored.
Natasha, Servant of Life and Death comes into view.
She is carrying a wand of flame.
Natasha hisses angrily.
There is an open door here.
Casting: Sting (safe; 6% risk of failure)
Confirm with . or Enter, or press ? or * to list all spells.
Aiming: Poisonous Vapours (safe; 12% risk of failure)
Press: ? - help, Dir - move target, f - Natasha
Aim: Natasha, carrying a wand of flame Poisonous vapours surround Natasha!
Natasha is poisoned.
Malevolent energies surge around you.
Natasha zaps a wand.
The puff of flame hits you!
Unknown command.
Casting: Poisonous Vapours (safe; 12% risk of failure)
Confirm with . or Enter, or press ? or * to list all spells.
Aiming: Poisonous Vapours (safe; 12% risk of failure)
Press: ? - help, Dir - move target, f/p - Natasha
Aim: Natasha, carrying a wand of flame (lightly wounded, poisoned)
You miscast Poisonous Vapours.
You are very lightly contaminated with residual magic.
Nothing appears to happen.
Natasha zaps a wand.
The puff of flame hits you!
Unknown command.
Casting: Poisonous Vapours (safe; 12% risk of failure)
Confirm with . or Enter, or press ? or * to list all spells.
Aiming: Poisonous Vapours (safe; 12% risk of failure)
Press: ? - help, Dir - move target, f/p - Natasha
Aim: Natasha, carrying a wand of flame (lightly wounded, poisoned) Poisonous vapours surround Natasha!
Natasha looks even sicker.
Malevolent energies surge around you.
Natasha zaps a wand.
The puff of flame hits you.
* * * LOW HITPOINT WARNING * * *
Natasha howls an incantation.
You feel disoriented.
Natasha stares at you and mumbles some strange words.
The magic dart hits you.
You die...
Natasha curls up and begins to purr.

######.# #...............
#####.....)# #.##...#)....###
#.........## #......#........
.###.###.###.# ####...#...##.##
...........#.# #####...##.#
####.#.###.#.# ##########...##.#
.........#.#.###.......##...##.##
.........h.....'.................
#######....#.###@......#######...
...........#.#########..........#
....###.###..........#.#...###..#
............##########.#...##....
.#..#....##.# #()##.#...##....
.#.......##.# #(.##.#...##....
.........##.# #'###.######....
##.......##.### #...#.# #....
####.#........######.#.# #....


You could see Natasha (very poisoned).

Vanquished Creatures
  Natasha (D:1)
  A dart slug (D:1)
  An endoplasm (D:1)
  A giant cockroach (D:2)
  5 goblins
  2 hobgoblins
  3 jackals (D:1)
  A quokka (D:1)
  A ball python (D:2)
  A bat (D:2)
  A kobold (D:1)
  4 rats
22 creatures vanquished.

Notes
Turn   | Place    | Note
-------+----------+-------------------------------------------
     0 | D:1      | UnitSub the Demonspawn Venom Mage began the quest for the
                  | Orb.
     0 | D:1      | Reached XP level 1. HP: 13/13 MP: 3/3
   483 | D:1      | Gained mutation: You are partially covered in molten
                  | scales. (AC +2) [demonic ancestry]
   483 | D:1      | Reached XP level 2. HP: 20/20 MP: 3/5
   659 | D:1      | You fall into a shaft and drop 1 floor!
   985 | D:1      | Reached skill level 1 in Fighting
  1197 | D:2      | Noticed Natasha
  1197 | D:2      | Noticed Sigmund
  1233 | D:1      | Learned a level 2 spell: Poisonous Vapours
  1522 | D:1      | Killed Natasha
  1523 | D:1      | Reached skill level 4 in Poison Magic
  1523 | D:1      | Gained mutation: Spells you cast may paralyse adjacent
                  | enemies. [demonic ancestry]
  1523 | D:1      | Reached XP level 3. HP: 10/26 MP: 1/6
  1590 | D:1      | Noticed Natasha
  1594 | D:1      | Killed from afar by Natasha

Illustrated notes

Levels and vault maps discovered:
D:1:      psy_arrival_radial02, layout_basic, hangedman_decor_slide_cut,
          supply_closet_lemuel, dreamdust_wishing_well
D:2:      layout_rooms, kennysheep_generic_room_9, uniq_natasha, uniq_sigmund

Skill      XL: |  1  2 |
---------------+-------+-----
Fighting       | 1 |  1.0
Poison Magic   | 4 |  4.0
Dodging        | |  1.7
Stealth        | |  1.7
Spellcasting   | |  2.5
Transmutations | |  0.8

Action                     || total
---------------------------++-------
  Melee: Unarmed           ||    16
         Whip              ||    11
   Cast: Sting             ||    33
         Poisonous Vapours ||     6
    Use: Potion            ||     1
 Armour: Robe              ||    25
  Dodge: Dodged            ||    48

Table legend: (Time is in decaauts)
 A = Elapsed time spent in this place.
 B = Non-inter-level travel time spent in this place.
 C = Inter-level travel time spent in this place.
 D = Time resting spent in this place.
 E = Time spent auto-exploring this place.
 F = Levels seen in this place.
 G = Mean time per level.
                   A        B        C        D        E       F      G
               +--------+--------+--------+--------+--------+-----+--------+
         Total |   1597 |   1386 |    211 |     59 |   1066 |   2 |  798.5 |
       Dungeon |   1597 |   1386 |    211 |     59 |   1066 |   2 |  798.5 |
               +--------+--------+--------+--------+--------+-----+--------+

Top non-repeatable levels by time:
     D:1: 1147 daAuts
     D:2: 449 daAuts
